 Dungeon Crawl Stone Soup version 0.28.0-53-g5a82cb258f (webtiles) character file.

Game seed: 4604764084855633462

1502 melloss the Covert (level 8, -3/48 HPs)
             Began as a Deep Elf Enchanter on May 27, 2022.
             Slain by an orc
             ... wielding a +1 falchion of flaming
              (4 damage)
             ... on level 9 of the Dungeon.
             The game lasted 00:20:42 (5831 turns).

melloss the Covert (Deep Elf Enchanter)             Turns: 5831, Time: 00:20:43

Health: -3/48      AC:  6    Str:  5    XL:     8   Next: 52%
Magic:  17/19      EV: 14    Int: 28    God:
Gold:   39         SH:  0    Dex: 17    Spells: 17/19 levels left

rFire   . . .      SeeInvis .   k - +0 rapier
rCold   + + .      Faith    .   (no shield)
rNeg    . . .      Spirit   .   m - +2 robe
rPois   .          Reflect  .   f - +0 helmet
rElec   +          Harm     .   (no cloak)
rCorr   .          Rampage  .   (no gloves)
Will    .....                   x - +0 pair of boots "Fus Moar" {Int+5 Dex+2}
Stlth   ++++......              v - amulet "Dyilum" {rElec rC++ Regen+}
HPRegen 0.96/turn               p - +4 ring of slaying
MPRegen 0.16/turn               (no ring)

@: lethally poisoned (-3 -> -4)
A: no striking features
a: no special abilities


You were on level 9 of the Dungeon.
You visited 1 branch of the dungeon, and saw 9 of its levels.

You collected 221 gold pieces.
You spent 182 gold pieces at shops.

Inventory:

Hand Weapons
 a - a +1 dagger
 k - a +0 rapier (weapon)
Missiles
 i - 14 poisoned darts (quivered)
Armour
 b - a +0 robe
 f - a +0 helmet (worn)
 h - a +0 leather armour
 m - a +2 robe (worn)
 s - a +0 pair of boots
 x - the +0 pair of boots "Fus Moar" (worn) {Int+5 Dex+2}
   (You found it on level 5 of the Dungeon)

   Int:       It affects your intelligence (+5).
   Dex:       It affects your dexterity (+2).
Jewellery
 p - a +4 ring of slaying (left hand)
 q - an amulet of regeneration
 v - the amulet "Dyilum" (around neck) {rElec rC++ Regen+}
   (You found it on level 5 of the Dungeon)

   [amulet of regeneration]

   rC:        It greatly protects you from cold.
   rElec:     It insulates you from electricity.
   Regen:     It increases your rate of health regeneration.
 y - a +6 ring of strength
Wands
 A - a wand of paralysis (3)
Scrolls
 e - a scroll of magic mapping {unknown}
 j - 6 scrolls of identify
 l - a scroll of amnesia {unknown}
 n - a scroll of summoning {unknown}
 o - 2 scrolls of immolation {unknown}
 r - 2 scrolls of teleportation
 t - 2 scrolls of fog {unknown}
 w - 2 scrolls of brand weapon {unknown}
 z - a scroll of enchant weapon {unknown}
Potions
 c - a potion of invisibility
 d - 6 potions of curing {unknown}
 g - 2 potions of mutation {unknown}
 u - a potion of flight {unknown}
 B - a potion of heal wounds {unknown}


   Skills:
 * Level 4.4 Fighting
 - Level 1.0 Short Blades
 - Level 5.0 Dodging
 - Level 8.0 Stealth
 + Level 6.1 Spellcasting
 - Level 4.0 Hexes
 - Level 5.0 Ice Magic


You had 17 spell levels left.
You knew the following spells:

 Your Spells              Type           Power      Damage    Failure   Level
a - Ensorcelled Hibernat  Hex/Ice        66%        N/A       1%          2

Your spell library contained the following spells:

 Spells                   Type           Power      Damage    Failure   Level
 Confusing Touch          Hex            31%        N/A       3%          3
 Tukima's Dance           Hex            31%        N/A       3%          3
 Dazzling Flash           Conj/Hex       38%        N/A       8%          3


Dungeon Overview and Level Annotations

Branches:
Dungeon (10/15)
 Temple: D:4-7         Lair: D:8-11         Orc: D:9-12

Altars:
Vehumet

Shops:
D:5 [


Message History

A bullfrog, an orc warrior, an orc and a gnoll come into view.
The orc is wielding a +1 falchion of flaming.
An orc and 2 gnolls come into view.
The orc is wielding a +2 hand axe of venom.
A gnoll shaman comes into view. It is wielding a +0 club.
The orc warrior shouts!
The orc shouts! x2
An orc priest comes into view. It is wielding a +0 dagger.
The bullfrog gives a loud, deep croak!
The gnoll shaman shouts!
The gnoll shouts! x2
Found 16 gold pieces.
Found a stone staircase leading up.
The orc shouts!
The gnoll shouts!
The bullfrog closely misses you.
The orc warrior hits you with a +0 glaive!
The orc warrior hits you from afar with a +0 glaive!
The orc barely misses you. The orc warrior barely misses you.
The bullfrog hits you. The orc completely misses you.
The orc priest begins to cast a cantrip, but forgets the words!
The orc hits you but does no damage.
You are poisoned.
The orc warrior barely misses you. The orc misses you.
Casting: Ensorcelled Hibernation (safe; 1% risk of failure)
Confirm with . or Enter, or press ? or * to list all spells.
Aiming: Ensorcelled Hibernation (safe; 1% risk of failure)
Press: ? - help, Shift-Dir - straight line, f - orc priest
Aim: an orc priest, wielding a +0 dagger and wearing a +0 leather armour (chance to affect: 62%)
The orc priest looks drowsy...
You feel sick. The bullfrog misses you.
The orc warrior hits you with a +0 glaive!
The orc closely misses you. x2
The bullfrog hits you but does no damage.
The helpless orc priest fails to defend itself.
You impale the orc priest!!
You kill the orc priest!
You feel sick. The bullfrog hits you!
* * * LOW HITPOINT WARNING * * *
The orc warrior barely misses you.
The orc hits you with a +1 falchion of flaming!
* * * LOW HITPOINT WARNING * * *
The orc burns you.
You die...

####### ##.....##
##.......## #.........#
#$........# #....o@Fg.#
#.....oo..######
#<...gog........
#.....g...######
#..........############
#..............##(.....
#.........####.........
#.........# ##........
##.......## #........


You could see an orc warrior, a bullfrog, a gnoll shaman, 3 gnolls and 3 orcs.

Vanquished Creatures
  2 ogres
  A black bear (D:5)
  2 centaurs
  A phantom (D:5)
  A bullfrog (D:7)
  4 scorpions
  A water moccasin zombie (D:5)
  A bullfrog zombie (D:4)
  3 hounds
  3 orc priests
  2 jellies
  Jessica (D:2)
  3 iguanas
  4 orc wizards
  9 adders
  2 adder skeletons (D:4)
  2 worms
  A dart slug (D:3)
  21 orcs
  9 bats
  5 endoplasms
  4 giant cockroaches
  6 goblins
  14 hobgoblins
  4 quokkas
  8 ball pythons
  4 frilled lizards
  5 kobolds
  3 rats
126 creatures vanquished.

Vanquished Creatures (others)
  4 fungi (D:2)
4 creatures vanquished.

Grand Total: 130 creatures vanquished

Notes
Turn   | Place    | Note
-------+----------+-------------------------------------------
     0 | D:1      | melloss the Deep Elf Enchanter began the quest for the Orb.
     0 | D:1      | Reached XP level 1. HP: 10/10 MP: 6/6
   225 | D:1      | Reached skill level 4 in Stealth
   256 | D:1      | Reached XP level 2. HP: 15/15 MP: 8/8
   372 | D:1      | Learned a level 2 spell: Ensorcelled Hibernation
  1180 | D:2      | Reached skill level 1 in Ice Magic
  1451 | D:2      | Reached XP level 3. HP: 19/19 MP: 6/9
  1844 | D:2      | Noticed Jessica
  1859 | D:2      | Killed Jessica
  1860 | D:2      | Reached XP level 4. HP: 24/24 MP: 2/10
  2037 | D:2      | Found a faded altar of an unknown god.
  2511 | D:3      | Found a radiant altar of Vehumet.
  2592 | D:3      | Reached skill level 5 in Stealth
  2821 | D:3      | Reached XP level 5. HP: 28/28 MP: 11/11
  3558 | D:4      | Reached XP level 6. HP: 32/32 MP: 9/12
  3831 | D:4      | Reached skill level 5 in Dodging
  3831 | D:4      | Reached skill level 6 in Stealth
  3831 | D:4      | Reached skill level 5 in Ice Magic
  4297 | D:4      | Reached XP level 7. HP: 37/37 MP: 12/14
  4513 | D:5      | Entered Level 5 of the Dungeon
  4585 | D:5      | Identified the amulet "Dyilum" {rElec rC++ Regen+}
  4647 | D:5      | Reached skill level 1 in Fighting
  4742 | D:5      | Identified the +0 pair of boots "Fus Moar" {Int+5 Dex+2}
  4962 | D:5      | Found Oburex's Antique Armour Shoppe.
  4997 | D:5      | Reached skill level 7 in Stealth
  5249 | D:5      | Reached skill level 5 in Spellcasting
  5249 | D:5      | Reached XP level 8. HP: 43/46 MP: 14/17
  5470 | D:5      | Bought a jewelled leather armour for 182 gold pieces
  5470 | D:5      | Identified the +1 leather armour of Renu {Harm Str-4 Int+4}
                  | (You bought it in a shop on level 5 of the Dungeon)
  5557 | D:7      | Reached skill level 8 in Stealth
  5624 | D:7      | You fall into a shaft and drop 3 floors!
  5624 | D:10     | Entered Level 10 of the Dungeon
  5632 | D:10     | Noticed a troll
  5831 | D:9      | HP: 1/48 [orc/+1 falchion of flaming (7)]
  5831 | D:9      | Slain by an orc

Illustrated notes

Levels and vault maps discovered:
D:1:      dpeg_arrival_three_bigger_balls, layout_basic
D:2:      layout_basic, shapermc_ecumenical_altar_hornbeckon, uniq_jessica
D:3:      layout_loops_ring, nicolae_overflow_crystal_walls
D:4:      layout_layer_cave, minmay_misc_feat_room, minmay_misc_feat_enclosed,
          kennysheep_dice
D:5:      layout_basic, serial_shops, shop
D:6:      minmay_inner_zag, layout_rooms, minmay_temple_entry_wispy,
          grunt_decor_resistance
D:7:      layout_gridville, fountainhead, minmay_holes,
          kennysheep_generic_room_7, uniq_prince_ribbit1
D:9:      layout_rooms, grunt_decor_junction, minmay_ruined_shrine
D:10:     layout_grid_maze, nicolae_figureground_sparkle

Skill      XL: |  1  2  3  4  5  6  7  8 |
---------------+-------------------------+-----
Stealth        | 4 5 6 7 8 |  8.0
Dodging        | 3 4 5 |  5.0
Ice Magic      | 1 2 3 4 5 |  5.0
Fighting       | 3 4 |  4.4
Spellcasting   | 5 6 |  6.1
Short Blades   | |  1.0
Hexes          | |  4.0

Action                   |  1- 3 |  4- 6 |  7- 9 || total
-------------------------+-------+-------+-------++-------
Melee: Dagger            |    51 |       |       ||    51
       Rapier            |    53 |   150 |   114 ||   317
       Punch             |     2 |     1 |       ||     3
 Cast: Ensorcelled Hiber |    17 |    23 |    29 ||    69
  Use: Scroll            |       |       |     3 ||     3
 Stab: Sleeping          |    17 |    31 |    26 ||    74
       Distracted        |     1 |       |       ||     1
Armor: Leather armour    |    41 |       |       ||    41
       Robe              |       |    33 |    93 ||   126
Dodge: Dodged            |    83 |   120 |   135 ||   338
